 Dungeon Crawl Stone Soup version 0.30-a0-169-g06f667207d (webtiles) character file.

Game seed: 11777728315846508850

126 Decritt the Magician (level 5, -2/40 HPs)
             Began as a Djinni Conjurer on Sept 30, 2022.
             Slain by Grinder (5 damage)
             ... on level 3 of the Dungeon.
             The game lasted 00:06:11 (3478 turns).

Decritt the Magician (Djinni Conjurer)              Turns: 3478, Time: 00:06:12

Health: -2/40      AC:  3    Str:  6    XL:     5   Next: 31%
Gold:   160        EV: 12    Int: 21    God:
                   SH:  0    Dex: 12

rFire   + + +      SeeInvis .    c - +0 spear
rCold   . . .      Faith    .    (no shield)
rNeg    . . .      Spirit   .    a - +0 robe
rPois   ∞          Reflect  .    i - +0 helmet
rElec   .          Harm     .    (no cloak)
rCorr   .          Rampage  .    (no gloves)
Will    .....                    (boots unavailable)
Stlth   ++........               (no amulet)
HPRegen 0.13/turn                b - ring of protection from fire
MPRegen 0.00/turn                m - ring of protection from cold

@: flying
A: sickness immunity, fire resistance 2, cold vulnerability 1, float, innate
caster, HP casting, extra vitality 1
a: no special abilities


You were on level 3 of the Dungeon.
You visited 1 branch of the dungeon, and saw 3 of its levels.

You collected 160 gold pieces.

Inventory:

Hand Weapons
 c - a +0 spear (weapon)
Armour
 a - a +0 robe (worn)
 i - a +0 helmet (worn)
 l - a +0 leather armour
Jewellery
 b - a ring of protection from fire (left hand)
 m - a ring of protection from cold (right hand)
Wands
 j - a wand of mindburst (8)
Scrolls
 k - a scroll of poison {unknown}
 n - a scroll of brand weapon {unknown}
Potions
 d - a potion of haste {unknown}
 e - a potion of curing
 f - 2 potions of lignification {unknown}
 g - 2 potions of mutation {unknown}
 h - a potion of attraction {unknown}


   Skills:
 * Level 3.3 Fighting
 + Level 1.2 Armour
 + Level 3.3 Dodging
 - Level 1.5 Stealth
 - Level 3.3 Spellcasting


You couldn't memorise any spells.
You knew the following spells:

 Your Spells              Type           Power      Damage    Failure   Level
a - Magic Dart            Conj           68%        1d6       3%          1
b - Searing Ray           Conj           34%        2d5       4%          2
c - Dazzling Flash        Conj/Hex       34%        N/A       10%         3
d - Fulminant Prism       Conj/Hex       8%         3d7       32%         4
e - Iskenderun's Mystic   Conj/Tloc      17%        2d5       32%         4
f - Slow                  Hex            68%        N/A       3%          1
g - Momentum Strike       Conj/Tloc      34%        3d8       4%          2
Your spell library was empty.

Dungeon Overview and Level Annotations

Branches:
Dungeon (3/15)

Altars:
Nemelex Xobeh

Annotations:
D:3 Grinder


Innate Abilities, Weirdness & Mutations

You are immune to sickness and miasma.
You are immune to poison.
Your flesh is very heat resistant. (rF++)
You are vulnerable to cold. (rC-)
You float through the air rather than walking.
You learn spells naturally, not from books.
Your magical power is your life essence.
You have superior vitality. (+4 MHP)


Message History

Confirm with . or Enter, or press ? or * to list all spells.
Aiming: Magic Dart (safe; 3% risk of failure)
Press: ? - help, Shift-Dir - straight line, f/p - Grinder
Aim: Grinder (heavily wounded, 100% to hit)
The magic dart hits Grinder.
Grinder is severely wounded.
Grinder hits you!
You writhe in agony.
Casting: Magic Dart (safe; 3% risk of failure)
Confirm with . or Enter, or press ? or * to list all spells.
Aiming: Magic Dart (safe; 3% risk of failure)
Press: ? - help, Shift-Dir - straight line, f/p - Grinder
Aim: Grinder (severely wounded, 100% to hit)
The magic dart hits Grinder but does no damage.
Grinder is severely wounded.
Grinder hits you!
* * * LOW HITPOINT WARNING * * *
You writhe in agony.
* * * LOW HITPOINT WARNING * * *
Casting: Magic Dart (safe; 3% risk of failure)
Confirm with . or Enter, or press ? or * to list all spells.
Aiming: Magic Dart (safe; 3% risk of failure)
Press: ? - help, Shift-Dir - straight line, f/p - Grinder
Aim: Grinder (severely wounded, 100% to hit)
The magic dart hits Grinder.
Grinder is severely wounded.
* * * LOW HITPOINT WARNING * * *
Grinder closely misses you.
Unknown command.
Casting: Magic Dart (safe; 3% risk of failure)
Confirm with . or Enter, or press ? or * to list all spells.
Aiming: Magic Dart (safe; 3% risk of failure)
Press: ? - help, Shift-Dir - straight line, f/p - Grinder
Aim: Grinder (severely wounded, 100% to hit)
The magic dart hits Grinder.
Grinder is almost dead.
* * * LOW HITPOINT WARNING * * *
Grinder hits you!
* * * LOW HITPOINT WARNING * * *
You writhe in agony.
You die...

#...### ########'##
###...######........#
###...............#
#.#####..#####..# #.#
#........#..#
#.###..........##
#..>...#####.#.#
#.#.#..# #.#.#
#@#.#..# #.#.#
#5#.#..# #.#.#
#.#.#..# #.#.#
#.#.#..# #.#.#
#.#.#..# #.#.#
#.#.#..# #.#.# #####
#.# #..#####.# ....#
..# #<.......# ###.#
##########


You could see Grinder.

Vanquished Creatures
  4 gnolls
  3 adders
  3 worms
  A dart slug (D:1)
  4 bats
  4 endoplasms
  2 giant cockroaches
  6 goblins
  3 hobgoblins
  5 kobolds
  2 quokkas
  3 ball pythons
  8 frilled lizards
  5 rats
53 creatures vanquished.

Notes
Turn   | Place    | Note
-------+----------+-------------------------------------------
     0 | D:1      | Decritt the Djinni Conjurer began the quest for the Orb.
     0 | D:1      | Decritt set off with the following spells memorised: Magic
                  | Dart, Searing Ray, Dazzling Flash, Fulminant Prism,
                  | Iskenderun's Mystic Blast.
     0 | D:1      | Reached XP level 1. HP: 15/15 MP: 0/0
   152 | D:1      | Reached XP level 2. HP: 19/22 MP: 0/0
   212 | D:1      | Reached skill level 1 in Fighting
   367 | D:1      | Found a faded altar of an unknown god.
   694 | D:1      | Reached XP level 3. HP: 27/27 MP: 0/0
   694 | D:1      | Learned a level 1 spell: Slow
  1594 | D:2      | Found a sparkling altar of Nemelex Xobeh.
  1628 | D:2      | Reached XP level 4. HP: 32/34 MP: 0/0
  2757 | D:3      | Reached XP level 5. HP: 21/40 MP: 0/0
  2757 | D:3      | Learned a level 2 spell: Momentum Strike
  3008 | D:3      | Reached skill level 1 in Armour
  3462 | D:3      | Noticed Grinder
  3463 | D:3      | Paralysed by Grinder for 5 turns
  3469 | D:3      | Paralysed by Grinder for 2 turns
  3478 | D:3      | Slain by Grinder

Illustrated notes

Levels and vault maps discovered:
D:1:      mrwooster_arrival_statue_2, layout_loops_cross,
          hellmonk_ecumenical_altar_pennies_from_heaven, hangedman_decor_growths
D:2:      layout_basic, basic_altar, chequers_avenue
D:3:      layout_basic, minmay_misc_feat_more_columns, uniq_grinder,
          uniq_sigmund

Skill      XL: |  1  2  3  4  5 |
---------------+----------------+-----
Fighting       | 1 2 3 |  3.3
Dodging        | 3 |  3.3
Armour         | 1 |  1.2
Stealth        | |  1.5
Spellcasting   | |  3.3

Action                   |  1- 3 |  4- 6 || total
-------------------------+-------+-------++-------
Melee: Spear             |    11 |       ||    11
       Unarmed           |     2 |       ||     2
 Cast: Magic Dart        |    62 |    62 ||   124
       Searing Ray       |       |     6 ||     6
  Use: Scroll            |       |     2 ||     2
       Potion            |       |     2 ||     2
 Stab: Sleeping          |     2 |       ||     2
Armor: Robe              |     6 |     1 ||     7
Dodge: Dodged            |    14 |    17 ||    31

Table legend: (Time is in decaauts)
 A = Elapsed time spent in this place.
 B = Non-inter-level travel time spent in this place.
 C = Inter-level travel time spent in this place.
 D = Time resting spent in this place.
 E = Time spent auto-exploring this place.
 F = Levels seen in this place.
 G = Mean time per level.
                   A        B        C        D        E       F      G
               +--------+--------+--------+--------+--------+-----+--------+
         Total |   3478 |   3403 |     75 |    952 |   2081 |   3 | 1159.3 |
       Dungeon |   3478 |   3403 |     75 |    952 |   2081 |   3 | 1159.3 |
               +--------+--------+--------+--------+--------+-----+--------+

Top non-repeatable levels by time:
     D:2: 1714 daAuts
     D:1: 951 daAuts
     D:3: 812 daAuts
